[Event "Titled Tuesday Blitz August 08 Early 2023"]
[White "Timerkhanov, Alexander"]
[Black "Pranav Anand"]
[WhiteFideId "24177938"]
[BlackFideId "46626786"]
[WhiteElo "2675"]
[BlackElo "2860"]
[Result "0-1"]
[Round "9"]
[TimeControl "180+1"]
[Date "2023.08.08"]
[WhiteClock "0:00:00"]
[BlackClock "0:00:04"]
[Board "35"]

1. d4 Nf6 2. Bg5 c5 3. d5 Ne4 4. h4 Qb6 5. Nd2 Nxg5 6. hxg5 Qxb2 7. g6 fxg6 8. e3 d6 9. Bd3 Kd8 10. Ngf3 Kc7 11. Bxg6 Qf6 12. Bd3 Bg4 13. Ne4 Bxf3 14. gxf3 Qe5 15. c4 g5 16. Rb1 Nd7 17. f4 gxf4 18. Rh5 Qg7 19. Ng5 Qc3+ 20. Ke2 Ne5 21. Ne6+ Kc8 22. Rxe5 f3+ 23. Kf1 dxe5 24. Rb3 Qa5 25. Rb5 Qa3 26. Rxc5+ Kb8 27. Qb1 Bh6 28. Rc7 b6 29. c5 Rc8 30. cxb6 Rxc7 31. bxc7+ Kc8 32. Bf5 Kd7 33. Qc2 Qa6+ 34. Kg1 Ke8 35. Nc5 Qf6 36. c8=Q+ Rxc8 37. Bxc8 Qg5+ 38. Kf1 Qg2+ 39. Ke1 Qg1+ 40. Kd2 Qxf2+ 41. Kc3 Qxe3+ 42. Kb4 Qd4+ 43. Qc4 Qd2+ 44. Kb5 f2 45. Bd7+ Kf8 46. Ne6+ Kf7 47. Be8+ Kxe8 48. Qg4 f1=Q+ 49. Kc6 Qc2+ 0-1


[Site "https://www.chess.com"]

[Event "Titled Tuesday Blitz August 08 Early 2023"]
[White "Bharath Subramaniyam H"]
[Black "Sakun, Volodymyr"]
[WhiteFideId "46634827"]
[BlackFideId "14114062"]
[WhiteElo "2830"]
[BlackElo "2671"]
[Result "1-0"]
[Round "9"]
[TimeControl "180+1"]
[Date "2023.08.08"]
[WhiteClock "0:01:02"]
[BlackClock "0:00:00"]
[Board "36"]

1. c4 e5 2. Nf3 Nc6 3. d4 exd4 4. Nxd4 Bb4+ 5. Bd2 Bxd2+ 6. Qxd2 Nxd4 7. Qxd4 Qf6 8. Qd2 Ne7 9. Nc3 O-O 10. g3 c6 11. Bg2 Rd8 12. O-O d5 13. cxd5 cxd5 14. Rfd1 Be6 15. Rac1 h6 16. Nb5 a6 17. Nd4 Rac8 18. Qb4 Rc4 19. Qb6 Rd7 20. Nxe6 Rxc1 21. Rxc1 Qxe6 22. Qb3 Qxe2 23. Bh3 Rd6 24. Qxb7 Rf6 25. Rf1 d4 26. Bg2 d3 27. Be4 Ng6 28. Qc8+ Kh7 29. Qc4 Rd6 30. Bf5 Qxb2 31. Bxd3 Qd4 32. Qxd4 Rxd4 33. Rd1 Ra4 34. Rd2 Kg8 35. f4 Ne7 36. Bc2 1-0


[Site "https://www.chess.com"]

[Event "Titled Tuesday Blitz August 08 Early 2023"]
[White "Rustemov, Alexander"]
[Black "Shukhman, Anna"]
[WhiteFideId "4119002"]
[BlackFideId "54180058"]
[WhiteElo "2826"]
[BlackElo "2551"]
[Result "1-0"]
[Round "9"]
[TimeControl "180+1"]
[Date "2023.08.08"]
[WhiteClock "0:01:59"]
[BlackClock "0:00:37"]
[Board "37"]

1. d4 Nf6 2. c4 g6 3. Nf3 Bg7 4. g3 O-O 5. Bg2 d6 6. O-O Nc6 7. Nc3 a6 8. h3 Rb8 9. e4 b5 10. d5 Na5 11. cxb5 axb5 12. b4 Nc4 13. Nd4 Bd7 14. a4 bxa4 15. b5 e5 16. Nc6 Bxc6 17. dxc6 Re8 18. Rxa4 Nb6 19. Ra6 Ra8 20. Qd3 Rxa6 21. bxa6 Qa8 22. Qb5 Rb8 23. Be3 Ne8 24. Rb1 Bf8 25. Nd5 Nd7 26. Qb7 Rxb7 27. axb7 Qa2 28. Nc3 Qxb1+ 29. Nxb1 Nb8 30. Ba7 Nxc6 31. Bf1 d5 32. Bb5 1-0


[Site "https://www.chess.com"]

[Event "Titled Tuesday Blitz August 08 Early 2023"]
[White "Mikhailovsky, Vladimir"]
[Black "KorolDimitriy75"]
[WhiteFideId "34105414"]
[WhiteElo "2807"]
[BlackElo "2413"]
[Result "1-0"]
[Round "9"]
[TimeControl "180+1"]
[Date "2023.08.08"]
[WhiteClock "0:00:07"]
[BlackClock "0:00:00"]
[Board "38"]

1. e4 c5 2. Nf3 d6 3. d4 cxd4 4. Nxd4 Nf6 5. Nc3 g6 6. Be3 Bg7 7. f3 O-O 8. Qd2 Nc6 9. O-O-O d5 10. exd5 Nxd5 11. Nxc6 bxc6 12. Bd4 e5 13. Bc5 Be6 14. Ne4 Rb8 15. h4 f5 16. Ng5 e4 17. Bd4 e3 18. Qd3 Nb4 19. Qxe3 Nxa2+ 20. Kb1 Rxb2+ 21. Kxb2 Qb6+ 22. Ka1 Bd5 23. c4 Qa5 24. Qb3 Nc3+ 25. Kb2 Nxd1+ 26. Kc1 Bxd4 27. cxd5 Be3+ 28. Kb1 Qe1 29. dxc6+ Kh8 30. Qb7 Nc3+ 31. Kc2 Qd2+ 32. Kb3 1-0


[Site "https://www.chess.com"]

[Event "Titled Tuesday Blitz August 08 Early 2023"]
[White "Jones, Gawain C B"]
[Black "Rosenberg, Evan S"]
[WhiteFideId "409561"]
[BlackFideId "2019299"]
[WhiteElo "2880"]
[BlackElo "2457"]
[Result "1-0"]
[Round "9"]
[TimeControl "180+1"]
[Date "2023.08.08"]
[WhiteClock "0:01:04"]
[BlackClock "0:00:07"]
[Board "39"]

1. e4 c5 2. Nc3 g6 3. d4 cxd4 4. Qxd4 Nf6 5. Be3 Nc6 6. Qd2 Ng4 7. Bf4 e5 8. Bg5 f6 9. h3 Nxf2 10. Qxf2 fxg5 11. Bc4 Qe7 12. Nd5 Qc5 13. Nc7+ Kd8 14. Qxc5 Bxc5 15. Nxa8 b6 16. Nf3 h6 17. Bd5 Bb7 18. Nxe5 Re8 19. Nf7+ Kc8 20. Nxb6+ axb6 21. O-O-O Kc7 22. Nxh6 Ba6 23. Ng4 Be2 24. Rde1 Bxg4 25. hxg4 Ne5 26. c3 Nd3+ 27. Kd2 Nxe1 28. Kxe1 Rf8 29. b4 Bf2+ 30. Ke2 Bh4 31. Rf1 Rxf1 32. Kxf1 Bg3 33. Ke2 Kd6 34. a4 Ke5 35. a5 bxa5 36. bxa5 Kf6 37. Kd3 Bb8 38. Kc4 Ke5 39. Kb5 Kf4 40. Kb6 Kxg4 41. a6 Be5 42. a7 1-0


[Site "https://www.chess.com"]

[Event "Titled Tuesday Blitz August 08 Early 2023"]
[White "Fantastic_Power"]
[Black "Moskvin, Anatoly"]
[BlackFideId "24199990"]
[WhiteElo "2800"]
[BlackElo "2599"]
[Result "0-1"]
[Round "9"]
[TimeControl "180+1"]
[Date "2023.08.08"]
[WhiteClock "0:00:00"]
[BlackClock "0:00:07"]
[Board "40"]

1. e4 e5 2. Nf3 Nc6 3. Bc4 Nf6 4. d4 exd4 5. O-O Nxe4 6. Re1 d5 7. Bxd5 Qxd5 8. Nc3 Qa5 9. Nxe4 Be6 10. Bd2 Qb6 11. Bg5 h6 12. Bh4 Bd6 13. Qd2 Bb4 14. c3 dxc3 15. bxc3 Be7 16. Rab1 Qa5 17. Bxe7 Nxe7 18. Nd4 O-O 19. Nxe6 fxe6 20. Qd7 Nd5 21. Qxe6+ Kh8 22. Rxb7 Nxc3 23. Nxc3 Qxc3 24. Qe5 Qc2 25. Rb2 Qc4 26. h3 Qc6 27. Rbe2 Qc4 28. Re3 Qxa2 29. R1e2 Qf7 30. Qc5 Rad8 31. Re7 Rd1+ 32. Kh2 Qf4+ 33. g3 Qf3 0-1


[Site "https://www.chess.com"]

[Event "Titled Tuesday Blitz August 08 Early 2023"]
[White "Atakhan, Abtin"]
[Black "Aevengho"]
[WhiteFideId "22502203"]
[WhiteElo "2798"]
[BlackElo "2592"]
[Result "0-1"]
[Round "9"]
[TimeControl "180+1"]
[Date "2023.08.08"]
[WhiteClock "0:00:01"]
[BlackClock "0:00:04"]
[Board "41"]

1. Nf3 Nf6 2. g3 g6 3. Bg2 Bg7 4. O-O O-O 5. c4 d6 6. Nc3 e5 7. d3 Nbd7 8. Rb1 c6 9. b4 Qc7 10. b5 Nc5 11. Nd2 Be6 12. a4 Rfd8 13. Ba3 Bf8 14. Qc2 a6 15. bxc6 bxc6 16. Bxc5 dxc5 17. Rb3 Rab8 18. Rfb1 Rb4 19. Na2 a5 20. R3b2 Nd7 21. Ne4 h6 22. Nxb4 cxb4 23. Rf1 f5 24. Nd2 Nc5 25. Ra2 Kg7 26. Nb3 h5 27. Nxc5 Bxc5 28. e3 Qd6 29. Rd1 h4 30. Qb3 f4 31. d4 exd4 32. exf4 h3 33. Be4 Bg4 34. Re1 Re8 35. Rd2 Re7 36. Kf1 Qd7 37. Bf3 Bf5 38. Rxe7+ Qxe7 39. Re2 Qd6 40. g4 d3 41. Rd2 Qxf4 42. gxf5 Qxf3 43. Qxd3 Qh1+ 44. Ke2 Qxh2 45. f6+ Kxf6 46. Qf3+ Kg7 47. Rd7+ Kh6 48. Qf7 Qe5+ 49. Kf3 h2 50. Qh7+ Kg5 51. Kg2 Qe4+ 52. f3 Qe2+ 53. Kg3 Bf2+ 54. Kg2 Be3+ 55. Kg3 Bf4+ 56. Kh3 h1=Q# 0-1


[Site "https://www.chess.com"]

[Event "Titled Tuesday Blitz August 08 Early 2023"]
[White "Klukin, Kirill"]
[Black "Vlassov, Nikolai"]
[WhiteFideId "24199273"]
[BlackFideId "4103360"]
[WhiteElo "2795"]
[BlackElo "2591"]
[Result "0-1"]
[Round "9"]
[TimeControl "180+1"]
[Date "2023.08.08"]
[WhiteClock "0:00:11"]
[BlackClock "0:00:38"]
[Board "42"]

1. c4 e5 2. Nc3 Nf6 3. g3 h5 4. h3 c6 5. d4 exd4 6. Qxd4 d5 7. Bg5 Be7 8. cxd5 cxd5 9. e3 Nc6 10. Bb5 Be6 11. Nf3 a6 12. Bxc6+ bxc6 13. Ne5 Rc8 14. h4 O-O 15. O-O c5 16. Qa4 d4 17. exd4 cxd4 18. Rfd1 Qb6 19. Qxd4 Qxb2 20. Nd5 Qb7 21. Nxe7+ Qxe7 22. Qf4 Rfd8 23. Bxf6 Qxf6 24. Qxf6 gxf6 25. Nf3 Rxd1+ 26. Rxd1 Bxa2 27. Rd6 a5 28. Ra6 Bd5 29. Nd4 Rc1+ 30. Kh2 Rh1# 0-1


[Site "https://www.chess.com"]

[Event "Titled Tuesday Blitz August 08 Early 2023"]
[White "LangesNasenhaar"]
[Black "Bauman_Guy"]
[WhiteElo "2567"]
[BlackElo "2792"]
[Result "0-1"]
[Round "9"]
[TimeControl "180+1"]
[Date "2023.08.08"]
[WhiteClock "0:00:00"]
[BlackClock "0:00:14"]
[Board "43"]

1. d4 Nf6 2. Nc3 d5 3. Bf4 Bf5 4. e3 e6 5. Nf3 Bd6 6. Ne5 Nbd7 7. g4 Bxe5 8. dxe5 Bxg4 9. f3 Bh5 10. exf6 Qxf6 11. Be2 c6 12. Qd2 b5 13. O-O-O b4 14. Na4 a5 15. Rhg1 h6 16. Kb1 O-O 17. e4 Kh8 18. exd5 cxd5 19. Bd6 Rfd8 20. f4 Bxe2 21. Qxe2 Rac8 22. Be5 Nxe5 23. fxe5 Qe7 24. Rg2 Rc4 25. Rdg1 Rg8 26. Qe3 Qh4 27. b3 Re4 28. Qf3 Re1+ 29. Rxe1 Qxe1+ 30. Kb2 Qxe5+ 31. Kc1 f5 32. Nb2 Qe4 33. Qf2 Rc8 34. Qg3 g5 35. Nd3 f4 36. Qh3 Kg7 37. Kd2 f3 38. Rf2 g4 39. Qg3 h5 40. Qe5+ Qxe5 41. Nxe5 Kf6 42. Nd3 e5 0-1


[Site "https://www.chess.com"]

[Event "Titled Tuesday Blitz August 08 Early 2023"]
[White "Aarav Dengla"]
[Black "Cherniaiev, Tykhon"]
[WhiteFideId "45059756"]
[BlackFideId "14182360"]
[WhiteElo "2567"]
[BlackElo "2772"]
[Result "0-1"]
[Round "9"]
[TimeControl "180+1"]
[Date "2023.08.08"]
[WhiteClock "0:00:16"]
[BlackClock "0:00:19"]
[Board "44"]

1. e4 e5 2. Nf3 Nc6 3. Bc4 Bc5 4. c3 Nf6 5. d4 exd4 6. e5 d5 7. Bb5 Ne4 8. cxd4 Bb6 9. O-O O-O 10. Nc3 Bg4 11. Be3 f6 12. h3 Bxf3 13. gxf3 Nxc3 14. bxc3 fxe5 15. Bxc6 bxc6 16. Kh2 Qf6 17. dxe5 Qxe5+ 18. f4 Qxc3 19. Rc1 Qf6 20. Rg1 Rae8 21. Qg4 Bxe3 22. fxe3 Rxe3 23. Rxc6 Qxf4+ 24. Qxf4 Rxf4 25. Rxc7 Rf2+ 26. Rg2 Rxg2+ 27. Kxg2 Re2+ 28. Kf3 Rxa2 29. Rd7 h6 30. Rxd5 Kh7 31. Rd6 Ra3+ 32. Kg4 Ra4+ 33. Kg3 h5 34. Rc6 g6 35. Rd6 Kh6 36. h4 Ra3+ 37. Kg2 Kg7 38. Rc6 a5 39. Ra6 a4 40. Kh2 Ra1 41. Kg2 Ra3 42. Kh2 Kf7 43. Kg2 Ra1 44. Kh2 a3 45. Kg2 a2 46. Kh2 Ke7 47. Kg2 Kd7 48. Kh2 Kc7 49. Kg2 Kb7 50. Ra3 Kb6 51. Kh2 Kb5 52. Kg2 Kb4 53. Ra8 Kc4 54. Ra4+ Kb3 55. Ra8 Rb1 56. Rb8+ Kc4 57. Rc8+ Kd5 58. Rd8+ Ke6 0-1


[Site "https://www.chess.com"]

[Event "Titled Tuesday Blitz August 08 Early 2023"]
[White "Tanenbaum, Zachary"]
[Black "Martins, Bruno Andre Leite"]
[WhiteFideId "2060850"]
[BlackFideId "1942255"]
[WhiteElo "2745"]
[BlackElo "2570"]
[Result "1-0"]
[Round "9"]
[TimeControl "180+1"]
[Date "2023.08.08"]
[WhiteClock "0:00:04"]
[BlackClock "0:00:00"]
[Board "45"]

1. e4 c5 2. Nf3 d6 3. d4 cxd4 4. Nxd4 Nf6 5. Nc3 a6 6. Be3 b5 7. f3 Bb7 8. g4 e6 9. g5 Nfd7 10. Qd2 Be7 11. O-O-O Nc6 12. h4 Rc8 13. Rg1 Nce5 14. f4 Nc4 15. Bxc4 Rxc4 16. a3 g6 17. h5 Nb6 18. hxg6 hxg6 19. Rh1 Rg8 20. Rh7 b4 21. axb4 Rxb4 22. Nb3 Nc4 23. Qd4 Nxe3 24. Qxb4 Nxd1 25. Qxb7 Nxc3 26. bxc3 e5 27. Qd5 Rf8 28. fxe5 Bxg5+ 29. Kb1 dxe5 30. Qxe5+ Be7 31. Nd4 Qb6+ 32. Kc1 Qc5 33. Qb8+ Kd7 34. Qb7+ Kd6 35. Qxa6+ Ke5 36. Nf3+ Kxe4 37. Qd3+ Kf4 38. Nd4 1-0


[Site "https://www.chess.com"]

[Event "Titled Tuesday Blitz August 08 Early 2023"]
[White "Mekhitarian, Krikor Sevag"]
[Black "Camilla_Lee"]
[WhiteFideId "2107660"]
[WhiteElo "2741"]
[BlackElo "2563"]
[Result "1-0"]
[Round "9"]
[TimeControl "180+1"]
[Date "2023.08.08"]
[WhiteClock "0:00:19"]
[BlackClock "0:00:05"]
[Board "46"]

1. Nf3 Nf6 2. c4 c6 3. d4 d5 4. e3 Bg4 5. Nc3 e6 6. h3 Bh5 7. Qb3 Qb6 8. Nh4 Nbd7 9. g4 Bg6 10. Nxg6 hxg6 11. Bg2 dxc4 12. Qxc4 Bd6 13. Bd2 e5 14. O-O-O exd4 15. exd4 O-O 16. h4 Nxg4 17. h5 g5 18. Bxg5 Nxf2 19. h6 g6 20. Ne4 Nxe4 21. Bxe4 Qb5 22. Qxb5 cxb5 23. Bxb7 Rab8 24. Be4 Kh7 25. Kb1 Nb6 26. Bc6 Nc4 27. Rhf1 Bb4 28. a3 Bd6 29. Bd5 f5 30. Ka2 Rfe8 31. Rg1 Re2 32. Bc1 Nxa3 33. Bf7 Nc4 34. Bxg6+ Kh8 35. Rde1 Rxe1 36. Rxe1 Rf8 37. Re6 f4 38. b3 Ne3 39. Rxd6 1-0


[Site "https://www.chess.com"]

[Event "Titled Tuesday Blitz August 08 Early 2023"]
[White "Mendez Fortes, Eduardo Jesus"]
[Black "Prohaszka, Peter"]
[WhiteFideId "3502376"]
[BlackFideId "726265"]
[WhiteElo "2559"]
[BlackElo "2725"]
[Result "0-1"]
[Round "9"]
[TimeControl "180+1"]
[Date "2023.08.08"]
[WhiteClock "0:00:00"]
[BlackClock "0:00:05"]
[Board "47"]

1. e4 c6 2. d4 d5 3. e5 Bf5 4. Nf3 e6 5. Be2 Nd7 6. Nbd2 a5 7. a4 f6 8. Nb3 Qc7 9. O-O fxe5 10. dxe5 Nxe5 11. Nfd4 Qf7 12. f4 Nd7 13. Bh5 g6 14. Bf3 Ngf6 15. Re1 Be7 16. Bd2 Bd8 17. Bc3 Bb6 18. Kh1 O-O 19. Qd2 Ne4 20. Bxe4 Bxe4 21. Rf1 e5 22. Ne2 g5 23. f5 Bxf5 24. Ng3 Qg6 25. Nxa5 e4 26. Nxb7 h5 27. a5 Ba7 28. Nxf5 Rxf5 29. Nd6 Rxf1+ 30. Rxf1 Rf8 31. Rxf8+ Nxf8 0-1


[Site "https://www.chess.com"]

[Event "Titled Tuesday Blitz August 08 Early 2023"]
[White "Timmermans, Mark"]
[Black "Ismagilov, Damir"]
[WhiteFideId "1026399"]
[BlackFideId "34199982"]
[WhiteElo "2724"]
[BlackElo "2559"]
[Result "1-0"]
[Round "9"]
[TimeControl "180+1"]
[Date "2023.08.08"]
[WhiteClock "0:00:06"]
[BlackClock "0:00:00"]
[Board "48"]

1. e4 c5 2. Nf3 d6 3. d4 cxd4 4. Nxd4 Nf6 5. Nc3 a6 6. Be3 Ng4 7. Bc1 Nf6 8. Be3 e6 9. g4 e5 10. Nf5 g6 11. g5 gxf5 12. exf5 d5 13. Qf3 d4 14. O-O-O Nbd7 15. Bc4 Qc7 16. Bxd4 exd4 17. Rxd4 Bc5 18. Re1+ Kd8 19. Rdd1 Re8 20. gxf6 Rxe1 21. Rxe1 Nxf6 22. Nd5 Nxd5 23. Qxd5+ Bd7 24. Qxf7 Qf4+ 25. Kb1 Kc7 26. Rd1 Rd8 27. Be6 Bd6 28. a3 Qxf2 29. Rd3 a5 30. Rc3+ Bc5 31. b4 axb4 32. axb4 Qg1+ 33. Kb2 b6 34. bxc5 bxc5 35. Rb3 Qd4+ 36. Kb1 Qd1+ 37. Kb2 Qd4+ 38. Rc3 Rb8+ 39. Bb3 Rb4 40. Qf8 Kb6 41. Qd8+ Kc6 42. Qa8+ Kd6 43. Qa6+ Kc7 44. Qa7+ Kd6 45. f6 Bc6 46. f7 Qf6 47. f8=Q+ Qxf8 48. Qxc5+ 1-0


[Site "https://www.chess.com"]

[Event "Titled Tuesday Blitz August 08 Early 2023"]
[White "Csonka, Balazs"]
[Black "Keleberda, Tymur"]
[WhiteFideId "742910"]
[BlackFideId "14174294"]
[WhiteElo "2721"]
[BlackElo "2554"]
[Result "1-0"]
[Round "9"]
[TimeControl "180+1"]
[Date "2023.08.08"]
[WhiteClock "0:02:24"]
[BlackClock "0:01:15"]
[Board "49"]

1. e4 c5 2. Nc3 d6 3. d4 cxd4 4. Qxd4 Nf6 5. b3 a6 6. Bb2 Nc6 7. Qd2 g6 8. O-O-O Bg7 9. f3 Be6 10. Kb1 b5 11. Nge2 Bd7 12. h4 b4 13. Nd5 a5 14. Nxf6+ Bxf6 15. Bxf6 exf6 16. Qxd6 a4 17. Nf4 axb3 18. cxb3 Ne5 19. Nd5 1-0


[Site "https://www.chess.com"]

[Event "Titled Tuesday Blitz August 08 Early 2023"]
[White "Belov, Alexei"]
[Black "Akobian, Varuzhan"]
[WhiteFideId "4128206"]
[BlackFideId "13300580"]
[WhiteElo "2554"]
[BlackElo "2712"]
[Result "0-1"]
[Round "9"]
[TimeControl "180+1"]
[Date "2023.08.08"]
[WhiteClock "0:00:06"]
[BlackClock "0:01:51"]
[Board "50"]

1. e4 d6 2. d4 Nf6 3. Nc3 c6 4. f4 Qa5 5. Bd3 e5 6. Nf3 Nbd7 7. Be3 Be7 8. Qd2 O-O 9. O-O Qc7 10. Kh1 Re8 11. Rae1 Bf8 12. dxe5 dxe5 13. Nxe5 Nxe5 14. fxe5 Ng4 15. Bf4 Nxe5 16. Qf2 Be6 17. Qg3 Bd6 18. Ne2 Rad8 19. Rd1 Ng6 20. Bxd6 Qxd6 21. Qxd6 Rxd6 22. c3 Bxa2 23. Nd4 Ne5 24. Be2 Be6 25. h3 Red8 26. b4 a6 27. Kh2 g6 28. Kg3 Bc4 29. Bxc4 Nxc4 30. Kf4 Re8 31. Rde1 Rf6+ 32. Kg5 Rxf1 33. Rxf1 Rxe4 34. Nb3 Kg7 35. Rd1 h6# 0-1


[Site "https://www.chess.com"]

[Event "Titled Tuesday Blitz August 08 Early 2023"]
[White "Janaszak, Dawid"]
[Black "Morefield, Jason"]
[WhiteFideId "1119206"]
[BlackFideId "30920825"]
[WhiteElo "2554"]
[BlackElo "2696"]
[Result "0-1"]
[Round "9"]
[TimeControl "180+1"]
[Date "2023.08.08"]
[WhiteClock "0:00:22"]
[BlackClock "0:00:03"]
[Board "51"]

1. e4 c5 2. Nc3 Nc6 3. Bb5 Nd4 4. Nf3 a6 5. Bd3 g6 6. b4 d6 7. bxc5 dxc5 8. Nxd4 cxd4 9. Nd5 e6 10. Nf4 Bg7 11. O-O Ne7 12. a4 O-O 13. Ba3 Re8 14. Re1 Nc6 15. g3 Bd7 16. Bf1 Ne5 17. d3 Bxa4 18. Qb1 b5 19. Bg2 Rc8 20. Ra2 Qa5 21. Bb4 Qc7 22. Re2 Bf8 23. Bxf8 Rxf8 24. Qb2 Qc3 25. Qb1 Rc7 26. h4 Rfc8 27. h5 Kg7 28. Bh3 g5 29. Bxe6 gxf4 30. Bxc8 f3 31. Re1 Rxc8 32. Qc1 h6 33. Ra1 Bxc2 34. Qf4 Rc5 35. Rf1 Bxd3 36. Rxa6 Nc6 37. Rfa1 Be2 38. e5 Rxe5 39. Rxc6 Qxa1+ 40. Kh2 Rxh5+ 41. Qh4 Rxh4+ 42. gxh4 Qf1 0-1


[Site "https://www.chess.com"]

[Event "Titled Tuesday Blitz August 08 Early 2023"]
[White "Mammadzada, Gunay"]
[Black "Skliarov, Viktor"]
[WhiteFideId "13403729"]
[BlackFideId "14106736"]
[WhiteElo "2550"]
[BlackElo "2696"]
[Result "0-1"]
[Round "9"]
[TimeControl "180+1"]
[Date "2023.08.08"]
[WhiteClock "0:00:23"]
[BlackClock "0:00:20"]
[Board "52"]

1. e4 c5 2. Nf3 Nc6 3. Bb5 e6 4. O-O Nge7 5. Re1 Nd4 6. Bf1 Nec6 7. c3 Nxf3+ 8. Qxf3 Be7 9. d3 O-O 10. Qg3 Kh8 11. Nd2 b6 12. Rd1 Bb7 13. f4 f5 14. Nf3 d5 15. e5 d4 16. c4 a6 17. Bd2 b5 18. Be1 b4 19. Qh3 a5 20. Bh4 Bxh4 21. Nxh4 Kg8 22. Be2 a4 23. Rf1 Ne7 24. Rf2 Ng6 25. Nxg6 hxg6 26. Raf1 Kf7 27. g4 Rh8 28. Qg3 Qh4 29. Qxh4 Rxh4 30. gxf5 gxf5 31. Bf3 Bxf3 32. Rxf3 Rah8 33. R1f2 Rg4+ 34. Rg3 Rh3 35. Rf3 Rhxg3+ 36. hxg3 g5 37. Kf2 Kg6 38. Kf1 Kh5 39. Kf2 gxf4 40. gxf4 Kh4 41. Kf1 Rg3 42. Kf2 Rxf3+ 43. Kxf3 Kh3 0-1


[Site "https://www.chess.com"]

[Event "Titled Tuesday Blitz August 08 Early 2023"]
[White "KarolKacprzak"]
[Black "Eynullayev, Atilla"]
[BlackFideId "13413570"]
[WhiteElo "2688"]
[BlackElo "2542"]
[Result "1/2-1/2"]
[Round "9"]
[TimeControl "180+1"]
[Date "2023.08.08"]
[WhiteClock "0:00:04"]
[BlackClock "0:00:14"]
[Board "53"]

1. Nf3 Nf6 2. b3 d5 3. Bb2 e6 4. e3 c5 5. Be2 Nc6 6. O-O Bd6 7. d4 b6 8. c4 O-O 9. cxd5 exd5 10. Nc3 Be6 11. Rc1 Rc8 12. dxc5 bxc5 13. Nb5 Be7 14. Bxf6 gxf6 15. Nc3 Qd7 16. Na4 Ne5 17. Qd2 Kh8 18. Qb2 Bd6 19. Rfd1 Rg8 20. Qd2 Rg7 21. Nxe5 fxe5 22. e4 d4 23. Bf3 Qe7 24. Qh6 Rg6 25. Qh5 Rcg8 26. Kh1 Rg5 27. Qh4 f6 28. Rg1 R8g6 29. g4 a5 30. h3 Kg8 31. Be2 Bd7 32. Nb2 Qg7 33. Qg3 h5 34. f3 hxg4 35. hxg4 Rh6+ 36. Kg2 f5 37. exf5 Bxf5 38. Nc4 Bc7 39. Rh1 Be6 40. Rxh6 Qxh6 41. Rh1 Qf6 42. Qh4 e4 43. Qh7+ Kf8 44. Qxc7 exf3+ 45. Bxf3 Bxg4 46. Qd6+ Qxd6 47. Nxd6 Be6+ 48. Kf2 a4 49. bxa4 Bxa2 50. Rc1 Ke7 51. Ne4 Re5 52. Rxc5 Rxc5 53. Nxc5 Kd6 54. Nb7+ Kc7 55. a5 Bc4 56. Ke1 Ba6 57. Nc5 Bc4 58. Kd2 Kd6 59. a6 Bxa6 60. Nxa6 Ke5 61. Kd3 Kf4 62. Be4 Ke5 63. Nb4 Kd6 64. Nc2 Ke6 65. Kxd4 Kd6 66. Ne3 Ke6 67. Bf5+ Kd6 68. Nc4+ Ke7 69. Ke5 Kf7 70. Nd6+ Ke7 71. Be6 Kf8 72. Bf5 Kg7 73. Ke6 Kf8 74. Kf6 Kg8 75. Ne4 Kh8 76. Ng5 Kg8 77. Nf7 Kf8 78. Bh7 Ke8 79. Bf5 Kf8 80. Bh7 Ke8 81. Ne5 Kd8 82. Be4 Ke8 83. Nc4 Kf8 84. Nd6 Kg8 85. Bg6 Kh8 86. Ne4 Kg8 87. Ng5 Kh8 88. Nf7+ Kg8 89. Bf5 Kf8 1/2-1/2


[Site "https://www.chess.com"]

[Event "Titled Tuesday Blitz August 08 Early 2023"]
[White "Tikhonov, Viacheslav"]
[Black "Hoang, Thi Bao Tram"]
[WhiteFideId "44196407"]
[BlackFideId "12401102"]
[WhiteElo "2535"]
[BlackElo "2667"]
[Result "0-1"]
[Round "9"]
[TimeControl "180+1"]
[Date "2023.08.08"]
[WhiteClock "0:00:18"]
[BlackClock "0:00:09"]
[Board "54"]

1. d4 d5 2. c4 c6 3. Nf3 Nf6 4. g3 Bf5 5. Nc3 e6 6. Nh4 Bg4 7. f3 Bh5 8. Qb3 Qb6 9. c5 Qxb3 10. axb3 Na6 11. Ra4 Nc7 12. Bf4 Kd8 13. e4 Nd7 14. exd5 exd5 15. Bh3 Bg6 16. Kd2 Be7 17. Nf5 Bxf5 18. Bxf5 g6 19. Bh3 f5 20. Re1 Bf6 21. g4 fxg4 22. Bxg4 Re8 23. Rb4 b5 24. cxb6 Nxb6 25. Ra4 Nxa4 26. Nxa4 Rxe1 27. Kxe1 Bxd4 28. Kd2 Ne8 29. Kd3 Bg1 30. Nc3 Ke7 31. b4 a6 32. Ne2 Bb6 33. h4 Bc7 34. Bg5+ Nf6 35. Nd4 Kf7 36. Be6+ Kg7 37. Bh3 Bd6 38. Nxc6 h6 39. Bd2 Bg3 40. Bc3 Bxh4 41. Ne7 Rd8 42. Be5 Kf7 43. Nc6 Re8 44. f4 Bg3 45. Bg2 Ke6 46. Kd4 Ne4 47. Bh3+ Kf7 48. Kxd5 Nf2 49. Bd7 Rf8 50. Bd6 Rh8 51. Be6+ Ke8 52. Ne5 g5 53. Bf7+ Kd8 54. Ke6 Bxf4 55. Be7+ Kc8 56. Ng6 Rh7 57. Bg8 Rg7 58. Kf6 Rxg8 59. Bc5 Rxg6+ 60. Kxg6 Nd3 61. Bf8 Nxb2 62. Kxh6 Nd3 63. Kh5 Kb7 64. Kg4 Kc6 65. Be7 Kb5 66. Kf3 Nxb4 67. Kg4 a5 68. Kf3 a4 69. Ke2 a3 70. Kd1 a2 71. Ke2 a1=Q 72. Kf3 Qc3+ 73. Kg4 Qc8+ 74. Kh5 Qe8+ 75. Kg4 Qxe7 76. Kh5 Nd5 77. Kg4 Ne3+ 78. Kh5 Qh7# 0-1


[Site "https://www.chess.com"]

[Event "Titled Tuesday Blitz August 08 Early 2023"]
[White "Vyatkin, Dmitry"]
[Black "Dehtiarov, Roman"]
[WhiteFideId "4171900"]
[BlackFideId "14186640"]
[WhiteElo "2530"]
[BlackElo "2661"]
[Result "1-0"]
[Round "9"]
[TimeControl "180+1"]
[Date "2023.08.08"]
[WhiteClock "0:00:08"]
[BlackClock "0:00:04"]
[Board "55"]

1. d4 Nf6 2. c4 e6 3. g3 Bb4+ 4. Bd2 a5 5. Bg2 d5 6. Nf3 O-O 7. O-O dxc4 8. Bg5 Nbd7 9. e3 h6 10. Bxf6 Nxf6 11. Ne5 c6 12. Nxc4 Nd5 13. a3 Be7 14. Nbd2 Bd7 15. Rc1 Nb6 16. Qb3 Nxc4 17. Nxc4 Qc7 18. Rfd1 Rfd8 19. e4 Bf6 20. d5 exd5 21. exd5 b5 22. Ne3 c5 23. d6 Qa7 24. Bxa8 Rxa8 25. Nd5 Bd4 26. Rxd4 a4 27. Qd1 cxd4 28. Rc7 Qa5 29. Rxd7 Re8 30. Re7 Rd8 31. Qf3 Rf8 32. Qe4 Qa6 33. Re8 Rxe8 34. Qxe8+ Kh7 35. Ne7 h5 36. Qg8+ Kh6 37. Qh8+ Kg5 38. Qxg7# 1-0


[Site "https://www.chess.com"]

[Event "Titled Tuesday Blitz August 08 Early 2023"]
[White "Weetik, Vjacheslav"]
[Black "Papayan, Oleg"]
[WhiteFideId "4153472"]
[BlackFideId "4193911"]
[WhiteElo "2660"]
[BlackElo "2522"]
[Result "1-0"]
[Round "9"]
[TimeControl "180+1"]
[Date "2023.08.08"]
[WhiteClock "0:00:09"]
[BlackClock "0:00:00"]
[Board "56"]

1. d4 d5 2. c4 dxc4 3. Nf3 Nf6 4. e3 a6 5. Bxc4 b5 6. Bd3 Bb7 7. O-O Nbd7 8. a4 b4 9. Qe2 c5 10. Rd1 e6 11. Nbd2 Be7 12. b3 O-O 13. Bb2 Rc8 14. Bxa6 Qb6 15. Bxb7 Qxb7 16. Nc4 cxd4 17. Bxd4 Nd5 18. Rac1 Bf6 19. Nd6 Qb8 20. Nxc8 Rxc8 21. Qb5 Rd8 22. e4 Nf4 23. Bxf6 Nxf6 24. Rxd8+ Qxd8 25. Qa6 Ne8 26. g3 Ng6 27. Rc8 Qd7 28. Qc6 Qd1+ 29. Kg2 h5 30. Qxe8+ Kh7 31. Ng5+ Kh6 32. Nxf7+ Kh7 33. Qxe6 Qd2 34. h4 1-0


[Site "https://www.chess.com"]

[Event "Titled Tuesday Blitz August 08 Early 2023"]
[White "Mmukka"]
[Black "Rychagov, Andrey"]
[BlackFideId "4119932"]
[WhiteElo "2501"]
[BlackElo "2656"]
[Result "0-1"]
[Round "9"]
[TimeControl "180+1"]
[Date "2023.08.08"]
[WhiteClock "0:00:00"]
[BlackClock "0:00:40"]
[Board "57"]

1. e4 c5 2. Nf3 e6 3. d4 cxd4 4. Nxd4 a6 5. Nc3 b5 6. Bd3 Bc5 7. Nf3 d6 8. O-O Nf6 9. Qe2 Bb7 10. a3 Nbd7 11. Bf4 e5 12. Bg3 O-O 13. Nh4 g6 14. Kh1 Nh5 15. Qg4 Ndf6 16. Qe2 Re8 17. Rae1 Qd7 18. Qd2 Ng4 19. h3 Ngf6 20. Qg5 Qd8 21. Nf5 Nxg3+ 22. fxg3 Re6 23. Nh6+ Kg7 24. Nf5+ Kh8 25. Nh6 Qe7 26. Kh2 Rf8 27. Rf3 Nh5 28. Qxe7 Rxe7 29. Ref1 Kg7 30. g4 Kxh6 31. gxh5 Kxh5 32. Rf6 Kh6 33. g4 Kg7 34. g5 h6 35. gxh6+ Kxh6 36. Kg3 Kg7 37. h4 Rh8 38. b4 Bd4 39. Nd5 Bxd5 40. exd5 e4 0-1


[Site "https://www.chess.com"]